MLB
CHICAGO CUBS @ MILWAUKEE BREWERS
03/05/2099
 
TOP OF THE 1ST
Chicago Cubs batting - Pitching for Milwaukee Brewers : RHP Albert Preciado
Pitching: RHP Albert Preciado
Batting: LHB Nick Criswell 0-0: Ball
1-0: Ball
2-0: Swinging Strike
2-1: Ground out 4-3 (Groundball, 4, EV 102.5 MPH)
Batting: RHB Chris Downs 0-0: Ball
1-0: Called Strike
1-1: SINGLE (Groundball, 34D, EV 96.3 MPH)
Batting: LHB Brent Griffin 0-0: Called Strike
0-1: Ball
1-1: Ball
2-1: Swinging Strike
2-2: Ball
3-2: Fly out, F9 (Line Drive, 9S, EV 88.8 MPH)
Batting: RHB Jaylin Tillman 0-0: Fly out, F5 (Popup, 25, EV 81.9 MPH)
Top of the 1st over - 0 runs, 1 hit, 0 errors, 1 left on base; Chicago 0 - Milwaukee 0
BOTTOM OF THE 1ST
Milwaukee Brewers batting - Pitching for Chicago Cubs : RHP Angel Alvarez
Pitching: RHP Angel Alvarez
Batting: RHB Byron Weaver 0-0: Foul Ball, location: 2LF
0-1: TRIPLE (Line Drive, 7LD, EV 106.9 MPH)
Batting: RHB Kyle Stewart 0-0: Ball
1-0: Foul Ball, location: 3F
1-1: Ball
2-1: Swinging Strike
2-2: SINGLE (Flyball, 6D, EV 90.0 MPH)
Byron Weaver scores
Batting: LHB Alex Cruz 0-0: Foul Ball, location: 2F
0-1: Foul Ball, location: 3F
0-2: Ball
1-2: Strikes out swinging
Batting: RHB Tony Ledezma 0-0: Called Strike
0-1: Ball
1-1: SINGLE (Line Drive, 8LS, EV 96.3 MPH)
Kyle Stewart to second
Runner from 2nd tries for 3rd, SAFE, no throw by CF
Batting: LHB Chris Marcheski 0-0: Ball
1-0: DOUBLE (Flyball, 8LXD, EV 100.0 MPH)
Kyle Stewart scores
Tony Ledezma to third
Runner from 3rd tries for Home, SAFE, no throw by CF
Batting: RHB Tyler Naberhaus 0-0: Ball
1-0: SINGLE (Line Drive, 7S, EV 109.4 MPH)
Chris Marcheski to third
Batting: RHB Johnny Curet 0-0: Called Strike
0-1: Ball
1-1: Swinging Strike
1-2: Strikes out swinging
Batting: SHB Jamie Saxton 0-0: Ground out U3 (Groundball, 3, EV 100.6 MPH)
Bottom of the 1st over - 3 runs, 5 hits, 0 errors, 2 left on base; Chicago 0 - Milwaukee 3
TOP OF THE 2ND
Chicago Cubs batting - Pitching for Milwaukee Brewers : RHP Albert Preciado
Batting: LHB Elijah Fairchild 0-0: SOLO HOME RUN (Flyball, 7D, EV 106.3 MPH), Distance : 410 ft
Batting: RHB Armando Valenzuela 0-0: Swinging Strike
0-1: Swinging Strike
0-2: Foul Ball, location: 9LMF
0-2: Strikes out swinging
Batting: RHB Kevin Luzzo 0-0: Ball
1-0: Ball
2-0: Called Strike
2-1: Ball
3-1: Foul Ball, location: 2F
3-2: Base on Balls
Batting: LHB Israel Perez 0-0: Grounds out, U3 (Groundball, 3L, EV 77.5 MPH)
Batting: RHB Nick Love 0-0: Called Strike
0-1: Ball
1-1: Swinging Strike
1-2: Ball
2-2: Ball
3-2: Base on Balls
Batting: LHB Nick Criswell 0-0: Ball
1-0: Swinging Strike
1-1: Foul Ball, location: 2F
1-2: Ball
2-2: Strikes out swinging
Top of the 2nd over - 1 run, 1 hit, 0 errors, 2 left on base; Chicago 1 - Milwaukee 3
BOTTOM OF THE 2ND
Milwaukee Brewers batting - Pitching for Chicago Cubs : RHP Angel Alvarez
Batting: RHB Billy Weil 0-0: Ground out 5-3 (Groundball, 56, EV 80.0 MPH)
Batting: RHB Byron Weaver 0-0: Ball
1-0: Foul Ball, location: 9LSF
1-1: Ball
2-1: Ball
3-1: Swinging Strike
3-2: DOUBLE (Flyball, 8RXD, EV 95.6 MPH)
Batting: RHB Kyle Stewart 0-0: Called Strike
0-1: Foul Ball, location: 25F
0-2: Ball
1-2: Strikes out swinging
Batting: LHB Alex Cruz 0-0: Swinging Strike
0-1: Swinging Strike
0-2: Reached via error on a dropped throw from 2B, E3 (Groundball, 4, EV 87.5 MPH)
Byron Weaver to third
Batting: RHB Tony Ledezma 0-0: Ball
1-0: Ball
2-0: Foul Ball, location: 5SF
2-1: Called Strike
2-2: Strikes out swinging
Bottom of the 2nd over - 0 runs, 1 hit, 1 error, 2 left on base; Chicago 1 - Milwaukee 3
TOP OF THE 3RD
Chicago Cubs batting - Pitching for Milwaukee Brewers : RHP Albert Preciado
Batting: RHB Chris Downs 0-0: Ball
1-0: Foul Ball, location: 9LDF
1-1: TRIPLE (Groundball, 3L, EV 102.5 MPH)
Batting: LHB Brent Griffin 0-0: Fly out, F9 (Flyball, 9S, EV 84.4 MPH)
Batting: RHB Jaylin Tillman 0-0: Ball
1-0: Called Strike
1-1: Ball
2-1: Fly out, F4 (Popup, 4D, EV 46.3 MPH)
Batting: LHB Elijah Fairchild 0-0: Ball
1-0: Ball
2-0: Foul Ball, location: 23FF
2-1: Ball
3-1: Foul Ball, location: 2F
3-2: Strikes out swinging
Top of the 3rd over - 0 runs, 1 hit, 0 errors, 1 left on base; Chicago 1 - Milwaukee 3
BOTTOM OF THE 3RD
Milwaukee Brewers batting - Pitching for Chicago Cubs : RHP Angel Alvarez
Batting: LHB Chris Marcheski 0-0: Called Strike
0-1: Called Strike
0-2: Ball
1-2: Foul Ball, location: 2F
1-2: Ball
2-2: SINGLE (Groundball, 34D, EV 100.0 MPH)
Batting: RHB Tyler Naberhaus 0-0: Foul Ball, location: 9LMF
0-1: Called Strike
0-2: Ball
1-2: Strikes out swinging
Batting: RHB Johnny Curet 0-0: Ball
1-0: Swinging Strike
1-1: Foul Ball, location: 2F
1-2: Strikes out swinging
Batting: SHB Jamie Saxton 0-0: Called Strike
0-1: Ball
1-1: Ball
2-1: Ball
3-1: Base on Balls
Chris Marcheski to second
Batting: RHB Billy Weil 0-0: Called Strike
0-1: Ball
1-1: Swinging Strike
1-2: Foul Ball, location: 3SF
1-2: Ball
2-2: Foul Ball, location: 5F
2-2: Foul Ball, location: 7LMF
2-2: Strikes out swinging
Bottom of the 3rd over - 0 runs, 1 hit, 0 errors, 2 left on base; Chicago 1 - Milwaukee 3
TOP OF THE 4TH
Chicago Cubs batting - Pitching for Milwaukee Brewers : RHP Albert Preciado
Batting: RHB Armando Valenzuela 0-0: Ball
1-0: Foul Ball, location: 2F
1-1: Ball
2-1: Ground out 2-3 (Groundball, 15S, EV 69.4 MPH)
Batting: RHB Kevin Luzzo 0-0: Ball
1-0: Called Strike
1-1: Called Strike
1-2: Ground out 5-3 (Groundball, 5S, EV 84.4 MPH)
Batting: LHB Israel Perez 0-0: Called Strike
0-1: Foul Ball, location: 23F
0-2: SINGLE (Line Drive, 9S, EV 91.9 MPH)
Batting: RHB Nick Love 0-0: Ball
1-0: Ball
2-0: Called Strike
2-1: Foul Ball, location: 2F
2-2: Ground out 6-3 (Groundball, 6S, EV 69.4 MPH)
Top of the 4th over - 0 runs, 1 hit, 0 errors, 1 left on base; Chicago 1 - Milwaukee 3
BOTTOM OF THE 4TH
Milwaukee Brewers batting - Pitching for Chicago Cubs : RHP Angel Alvarez
Pitching: LHP Mario Gomez
Batting: RHB Byron Weaver 0-0: Called Strike
0-1: Fly out, F9 (Flyball, 9S, EV 96.3 MPH)
Pinch Hitting: LHB Steve Stossel 0-0: Ground out 4-3 (Groundball, 34, EV 78.1 MPH)
Batting: LHB Alex Cruz 0-0: Called Strike
0-1: Ball
1-1: Called Strike
1-2: Foul Ball, location: 2F
1-2: Ball
2-2: Ball
3-2: Foul Ball, location: 5F
3-2: Strikes out swinging
Bottom of the 4th over - 0 runs, 0 hits, 0 errors, 0 left on base; Chicago 1 - Milwaukee 3
TOP OF THE 5TH
Chicago Cubs batting - Pitching for Milwaukee Brewers : RHP Albert Preciado
Pitching: RHP Josh Watts
Now at C: David Levesque
Now at 1B: Steve Stossel
Now at 2B: Josh Merklin
Now at SS: Cesar Oropeza
Now in LF: Joe Hardie
Batting: LHB Nick Criswell 0-0: Swinging Strike
0-1: Called Strike
0-2: Strikes out swinging
Pinch Hitting: RHB Dave Conley 0-0: Foul Ball, location: 25F
0-1: Fly out, F9 (Flyball, 9, EV 81.9 MPH)
Pinch Hitting: RHB Kyle Dellinger 0-0: Fly out, F8 (Line Drive, 8RD, EV 95.0 MPH)
Top of the 5th over - 0 runs, 0 hits, 0 errors, 0 left on base; Chicago 1 - Milwaukee 3
BOTTOM OF THE 5TH
Milwaukee Brewers batting - Pitching for Chicago Cubs : LHP Mario Gomez
Pitching: LHP Tim Linden
Now at C: Jacob Duke
Now at 2B: Kyle Dellinger
Now at SS: Dave Conley
Batting: RHB Tony Ledezma 0-0: Called Strike
0-1: Foul Ball, location: 25F
0-2: Strikes out swinging
Batting: SHB Roberto Lima 0-0: Called Strike
0-1: Ball
1-1: Called Strike
1-2: Strikes out swinging
Batting: RHB Joe Hardie 0-0: Ball
1-0: Ball
2-0: Fly out, F9 (Flyball, 89XD, EV 93.1 MPH)
Bottom of the 5th over - 0 runs, 0 hits, 0 errors, 0 left on base; Chicago 1 - Milwaukee 3
TOP OF THE 6TH
Chicago Cubs batting - Pitching for Milwaukee Brewers : RHP Josh Watts
Pitching: LHP David Lucia
Now at 3B: Kevin Cannon
Pinch Hitting: RHB Howie Seabolt 0-0: Ball
1-0: Ball
2-0: Fly out, F8 (Flyball, 8LD, EV 90.6 MPH)
Batting: LHB Elijah Fairchild 0-0: Swinging Strike
0-1: Foul Ball, location: 2F
0-2: Ball
1-2: Strikes out swinging
Pinch Hitting: LHB Stuart Thomas 0-0: Ground out 5-3 (Groundball, 56, EV 100.6 MPH)
Top of the 6th over - 0 runs, 0 hits, 0 errors, 0 left on base; Chicago 1 - Milwaukee 3
BOTTOM OF THE 6TH
Milwaukee Brewers batting - Pitching for Chicago Cubs : LHP Tim Linden
Pitching: RHP Mike Wallace
Now at 3B: Howie Seabolt
Now in LF: Devin Williams
Now in CF: Stuart Thomas
Now in RF: Jonathan Stooksberry
Batting: RHB Kevin Cannon 0-0: Called Strike
0-1: Ball
1-1: Ball
2-1: Ball
3-1: Base on Balls
Batting: RHB David Levesque 0-0: Called Strike
0-1: Ball
1-1: Foul Ball, location: 2F
1-2: Ball
2-2: Ground out 6-3 (Groundball, 56, EV 103.1 MPH)
Kevin Cannon to second
Pinch Hitting: LHB Matt Gollnick 0-0: Ball
1-0: Ball
2-0: DOUBLE (Flyball, 8LXD, EV 98.1 MPH)
Kevin Cannon scores
Pinch Hitting: LHB Gil Lopez 0-0: Called Strike
0-1: Ball
1-1: Ball
2-1: Ball
3-1: Base on Balls
Batting: LHB Steve Stossel 0-0: Ball
1-0: Ball
2-0: Ball
3-0: Called Strike
3-1: SINGLE (Line Drive, 34D, EV 101.3 MPH)
Matt Gollnick to third
Gil Lopez to second
Pinch Hitting: LHB Ron Lenz 0-0: Ball
1-0: Called Strike
1-1: SINGLE (Groundball, 6MD, EV 105.6 MPH)
Matt Gollnick scores
Gil Lopez to third
Steve Stossel to second
Pinch Hitting: LHB Tony Graham 0-0: Ball
1-0: Foul Ball, location: 2F
1-1: Fly out, F8 (Line Drive, 89D, EV 91.9 MPH)
Runner from 3rd tags up, SCORES, no throw by CF
Pitching: LHP Jamie DeCiantis
Batting: SHB Roberto Lima 0-0: Foul Ball, location: 9LSF
0-1: Ball
1-1: Ball
2-1: Ball
3-1: SINGLE (Flyball, 56D, EV 96.3 MPH)
Steve Stossel to third
Ron Lenz to second
Batting: RHB Joe Hardie 0-0: Ball
1-0: Fielders Choice at 2nd, 5-4 (Groundball, 56, EV 85.0 MPH)
Bottom of the 6th over - 3 runs, 4 hits, 0 errors, 3 left on base; Chicago 1 - Milwaukee 6
TOP OF THE 7TH
Chicago Cubs batting - Pitching for Milwaukee Brewers : LHP David Lucia
Now at 2B: Vinny Prestage
Now at SS: Mike Hollenshead
Now in CF: Gil Lopez
Now in RF: Tony Graham
Batting: RHB Jonathan Stooksberry 0-0: Called Strike
0-1: Foul Ball, location: 2F
0-2: Ball
1-2: SINGLE (Groundball, 6, EV 85.6 MPH)
Batting: RHB John Borchardt 0-0: Ball
1-0: Ball
2-0: Fly out, F8 (Line Drive, 8RM, EV 102.5 MPH)
Batting: RHB Jacob Duke 0-0: Foul Ball, location: 5FF
0-1: Ball
1-1: Ball
2-1: Foul Ball, location: 2F
2-2: Strikes out swinging
Batting: LHB Nick Criswell 0-0: Called Strike
0-1: Ground out 4-3 (Groundball, 34D, EV 93.8 MPH)
Top of the 7th over - 0 runs, 1 hit, 0 errors, 1 left on base; Chicago 1 - Milwaukee 6
BOTTOM OF THE 7TH
Milwaukee Brewers batting - Pitching for Chicago Cubs : LHP Jamie DeCiantis
Pitching: RHP John O'Brien
Batting: RHB Kevin Cannon 0-0: Ball
1-0: Swinging Strike
1-1: Ball
2-1: Called Strike
2-2: SINGLE (Groundball, 6MD, EV 101.9 MPH)
Batting: RHB David Levesque 0-0: Ball
1-0: DOUBLE (Flyball, 8LXD, EV 90.0 MPH)
Kevin Cannon to third
Batting: RHB Vinny Prestage 0-0: Ball
1-0: Called Strike
1-1: Fly out, F8 (Line Drive, 8LM, EV 94.4 MPH)
Runner from 3rd tags up, SCORES, no throw by CF
Batting: LHB Gil Lopez 0-0: Ball
1-0: Ball
2-0: Ground out 4-3 (Groundball, 4, EV 100.0 MPH)
David Levesque to third
Pinch Hitting: LHB Takashi Nakata 0-0: Fly out, F8 (Line Drive, 8LD, EV 85.6 MPH)
Bottom of the 7th over - 1 run, 2 hits, 0 errors, 1 left on base; Chicago 1 - Milwaukee 7
TOP OF THE 8TH
Chicago Cubs batting - Pitching for Milwaukee Brewers : LHP David Lucia
Pitching: RHP Larry Heinrich
Now at 1B: Takashi Nakata
Batting: RHB Dave Conley 0-0: Called Strike
0-1: Foul Ball, location: 2F
0-2: Ball
1-2: Ball
2-2: Ball
3-2: SINGLE (Groundball, 6D, EV 106.3 MPH)
Batting: RHB Kyle Dellinger 0-0: Swinging Strike
0-1: Swinging Strike
0-2: Ball
1-2: Strikes out swinging
Batting: RHB Howie Seabolt 0-0: Called Strike
0-1: Swinging Strike
0-2: Ball
1-2: Ball
2-2: Hit by Pitch
Dave Conley to second
Batting: RHB Devin Williams 0-0: Ball
1-0: Foul Ball, location: 23FF
1-1: Foul Ball, location: 5DF
1-2: SINGLE (Groundball, 4MD, EV 110.0 MPH)
Dave Conley to third
Howie Seabolt to second
Batting: LHB Stuart Thomas 0-0: Swinging Strike
0-1: Ball
1-1: Ball
2-1: DOUBLE (Line Drive, 78D, EV 99.4 MPH)
Dave Conley scores
Howie Seabolt scores
Devin Williams to third
Runner from 3rd tries for Home, SAFE, throw by CF to trailing runner, SAFE at third!
Pitching: LHP Tim Cockfield
Now in CF: Kyle Carlson
Now in RF: Gil Lopez
Batting: RHB Jonathan Stooksberry 0-0: Ball
1-0: Ball
2-0: Foul Ball, location: 9LSF
2-1: Foul Ball, location: 2F
2-2: Ball
3-2: Fly out, F7 (Line Drive, 78M, EV 90.0 MPH)
Runner from 3rd tags up, SCORES, throw by LF
Batting: RHB John Borchardt 0-0: Ball
1-0: Ball
2-0: Ball
3-0: Base on Balls
Batting: RHB Jacob Duke 0-0: Foul Ball, location: 2F
0-1: Ball
1-1: Called Strike
1-2: SINGLE (Groundball, 56D, EV 103.8 MPH)
John Borchardt to second
Batting: LHB Nick Criswell 0-0: Called Strike
0-1: Swinging Strike
0-2: Ground out 3-1 (Groundball, 34S, EV 84.4 MPH)
Top of the 8th over - 4 runs, 4 hits, 0 errors, 2 left on base; Chicago 5 - Milwaukee 7
BOTTOM OF THE 8TH
Milwaukee Brewers batting - Pitching for Chicago Cubs : RHP John O'Brien
Pitching: LHP Vince Roberts
Pinch Hitting: RHB Sean Howlett 0-0: Called Strike
0-1: Swinging Strike
0-2: Strikes out swinging
Batting: SHB Kyle Carlson 0-0: Ground out 6-3 (Groundball, 6, EV 101.3 MPH)
Batting: SHB Victor Pacheco 0-0: Called Strike
0-1: Ball
1-1: Ball
2-1: Ball
3-1: Base on Balls
Pinch Hitting: SHB Juan Velasquez 0-0: Ball
1-0: Foul Ball, location: 2F
1-1: Fly out, F7 (Flyball, 78S, EV 78.1 MPH)
Bottom of the 8th over - 0 runs, 0 hits, 0 errors, 1 left on base; Chicago 5 - Milwaukee 7
TOP OF THE 9TH
Chicago Cubs batting - Pitching for Milwaukee Brewers : LHP Tim Cockfield
Pitching: RHP Ryan Silton
Now at SS: Marco Gutierrez
Now in LF: Juan Velasquez
Batting: RHB Dave Conley 0-0: Called Strike
0-1: Swinging Strike
0-2: Foul Ball, location: 2F
0-2: Ball
1-2: Fly out, F3 (Popup, 3, EV 70.0 MPH)
Batting: RHB Kyle Dellinger 0-0: Foul Ball, location: 9LSF
0-1: Ball
1-1: Ball
2-1: Foul Ball, location: 3SF
2-2: Strikes out swinging
Pitching: RHP Chris Hellige
Batting: RHB Howie Seabolt 0-0: Swinging Strike
0-1: Swinging Strike
0-2: Ball
1-2: Fly out, F7 (Flyball, 78S, EV 81.3 MPH)
Top of the 9th over - 0 runs, 0 hits, 0 errors, 0 left on base; Chicago 5 - Milwaukee 7
Monday, April 29th , 2024 - OOTP Baseball 24.11 Build 85